 Dungeon Crawl Stone Soup version 0.29-a0-919-gd064cfad1c (webtiles) character file.

Game seed: 10912524019594180145

39066 ragingrage the Severer (level 14, -25/88 HPs)
             Began as a Gargoyle Artificer on July 26, 2022.
             Was the Champion of Okawaru.
             Killed from afar by an acid dragon (39 damage)
             ... with a splash of acid
             ... on level 12 of the Dungeon.
             The game lasted 00:32:23 (21553 turns).

ragingrage the Severer (Gargoyle Artificer)        Turns: 21553, Time: 00:32:24

Health: -25/88     AC: 18    Str: 26    XL:     14   Next: 4%
Magic:  14/14      EV:  9    Int: 11    God:    Okawaru [******]
Gold:   1068       SH:  7    Dex: 12    Spells: 13/13 levels left

rFire   + + .      SeeInvis +   b - +0 war axe (venom)
rCold   x . .      Faith    .   z - +2 buckler
rNeg    + . .      Spirit   .   Q - +2 chain mail {rF+}
rPois   ∞          Reflect  .   J - +1 helmet {SInv}
rElec   +          Harm     .   v - +0 cloak
rCorr   .          Rampage  .   I - +0 pair of gloves
Will    +....                   w - +0 pair of boots {Stlth+}
Stlth   ..........              R - amulet of regeneration
HPRegen 1.04/turn               f - +6 ring of strength
MPRegen 0.14/turn               p - ring of fire

@: corroded, flying
A: sickness immunity, AC +10, big wings, negative energy resistance 1,
electricity resistance, torment resistance 1, petrification resistance
a: Renounce Religion, Heroism, Finesse, Duel


You were on level 12 of the Dungeon.
You worshipped Okawaru.
Okawaru was exalted by your worship.
You visited 3 branches of the dungeon, and saw 18 of its levels.

You collected 1124 gold pieces.
You spent 56 gold pieces at shops.

Inventory:

Hand Weapons
 a - the +9 hand axe of Rutege {holy, *Slow rF+ Str+10}
   (Okawaru gifted it to you on level 3 of the Lair of Beasts)

   It has been blessed by the Shining One to cause great damage to the undead
   and demons.
   Str:       It affects your strength (+10).
   rF:        It protects you from fire.
   *Slow:     It may slow you when you take damage.
 b - a +0 war axe of venom (weapon)
 c - a +1 vorpal war axe
 N - a +2 spear of freezing
Missiles
 i - 54 poisoned darts
 l - 9 javelins (quivered)
 K - 10 throwing nets
 P - 12 atropa-tipped darts
Armour
 v - a +0 cloak (worn)
 w - a +0 pair of boots of stealth (worn)
 z - a +2 buckler (worn)
 I - a +0 pair of gloves (worn)
 J - a +1 helmet of see invisible (worn)
 Q - a +2 chain mail of fire resistance (worn)
Jewellery
 f - a +6 ring of strength (left hand)
 p - a ring of fire (right hand)
 D - a +4 ring of evasion
 L - a ring of ice
 R - an amulet of regeneration (around neck)
 Y - a +4 ring of protection
Wands
 e - a wand of iceblast (6)
 s - a wand of polymorph (10)
 E - a wand of digging (4)
 F - a wand of roots (26)
 H - a wand of quicksilver (8)
 X - a wand of flame (25)
Scrolls
 g - a scroll of noise {unknown}
 h - 11 scrolls of teleportation
 n - 6 scrolls of fear
 q - 5 scrolls of enchant armour
 r - 5 scrolls of identify
 x - 3 scrolls of enchant weapon
 y - 2 scrolls of amnesia {unknown}
 B - 7 scrolls of fog
 M - a scroll of torment {unknown}
 O - a scroll of vulnerability {unknown}
 S - 4 scrolls of poison
 T - a scroll of acquirement {unknown}
 V - 3 scrolls of magic mapping {unknown}
Potions
 d - 3 potions of invisibility
 j - 7 potions of heal wounds
 k - 7 potions of curing
 m - 2 potions of berserk rage
 o - a potion of attraction {unknown}
 t - 2 potions of ambrosia
 u - 4 potions of mutation
 A - 6 potions of flight
 C - 3 potions of might
 G - 4 potions of lignification
 U - a potion of haste {unknown}
 Z - a potion of brilliance {unknown}
Miscellaneous
 W - a lightning rod (1/4)


   Skills:
 + Level 10.0 Fighting
 - Level 16.0 Axes
 + Level 9.1 Armour
 + Level 3.1 Dodging
 - Level 1.1 Stealth
 - Level 5.0 Shields
 + Level 9.0 Evocations


You had 13 spell levels left.
You didn't know any spells.
Your spell library contained the following spells:

 Spells                   Type           Power      Damage    Failure   Level
 Beastly Appendage        Tmut           0%         N/A       92%         1
 Static Discharge         Conj/Air       0%         3-3/arc   98%         2
 Wereblood                Tmut           0%         N/A       98%         2
 Dazzling Flash           Conj/Hex       0%         N/A       100%        3
 Gell's Gravitas          Tloc           0%         N/A       100%        3
 Ignite Poison            Fire/Tmut/Pois 0%         N/A       100%        3
 Inner Flame              Hex/Fire       0%         N/A       100%        3
 Lesser Beckoning         Tloc           0%         N/A       100%        3
 Mephitic Cloud           Conj/Pois/Air  0%         N/A       100%        3
 Spider Form              Tmut/Pois      0%         N/A       100%        3
 Teleport Other           Tloc           0%         N/A       100%        3
 Airstrike                Air            0%         0-1+      100%        4
 Cause Fear               Hex            0%         N/A       100%        4
 Leda's Liquefaction      Hex/Erth       0%         N/A       100%        4
 Agony                    Necr           0%         N/A       100%        5
 Blade Hands              Tmut           0%         N/A       100%        5
 Freezing Cloud           Conj/Ice/Air   0%         6-21      100%        5
 Irradiate                Conj/Tmut      0%         3d11      100%        5
 Lee's Rapid Deconstruct  Erth           0%         3d5*      100%        5
 Lightning Bolt           Conj/Air       0%         1d11      100%        5
 Silence                  Hex/Air        0%         N/A       100%        5
 Dragon Form              Tmut           0%         N/A       100%        7
 Borgnjor's Revivificati  Necr           0%         N/A       100%        8
 Discord                  Hex            0%         N/A       100%        8
 Maxwell's Capacitive Co  Air            0%         ∞         100%        8
 Necromutation            Tmut/Necr      0%         N/A       100%        8
 Death's Door             Necr           0%         N/A       100%        9
 Summon Lightning Spire   Summ/Air       Unusable   N/A       N/A         4
 Statue Form              Tmut/Erth      Unusable   N/A       N/A         6

Dungeon Overview and Level Annotations

Branches:
Dungeon (12/15)            Temple (1/1) D:5            Lair (5/5) D:11
 Shoals (0/4) Lair:3       Spider (0/4) Lair:3        Slime (0/5) Lair:5
    Orc (0/2) D:10

Altars:
Ashenzari
Cheibriados
Dithmenos
Elyvilon
Fedhas
Gozag
Hepliaklqana
Kikubaaqudgha
Makhleb
Nemelex Xobeh
Okawaru
Qazlal
Ru
Uskayaw
Wu Jian
Xom
Yredelemnul
Zin
The Shining One

Shops:
D:2 :   D:9 *?*!

Annotations:
D:5 Edmund
D:7 2 runed translucent doors, clackabat's ghost, novice MiMo
Lair:4 exclusion: downstairs


Innate Abilities, Weirdness & Mutations

You are immune to sickness and miasma.
Your stone body is resilient. (AC +10)
You are immune to poison.
Your large and strong wings let you fly.
You resist negative energy. (rN+)
You are resistant to electric shocks. (rElec)
You are resistant to unholy torment.
You are immune to petrification.


Message History

Okawaru accepts your kill. The acid dragon spits acid at you.
The splash of acid hits you but does no damage.
You swing at nothing.
You are too injured to fight recklessly!
Throw: 10 javelins
Press: ? - help, Q - select action, (/) - cycle Shift-Dir - straight line, f - acid dragon
Aim: an acid dragon (catching its breath, 63% to hit)
You throw a javelin.
The javelin barely misses the acid dragon.
The acid dragon closely misses you. The acid dragon claws you.
You hit the acid dragon.
The acid dragon is lightly wounded.
You block the acid dragon's attack.
The acid dragon claws you but does no damage.
You closely miss the acid dragon.
The acid dragon is lightly wounded.
You barely miss the acid dragon.
The acid dragon is lightly wounded.
The acid dragon barely misses you. You block the acid dragon's attack.
You hit the acid dragon but do no damage.
The acid dragon is lightly wounded.
You block the acid dragon's attack. The acid dragon barely misses you.
You hit the acid dragon but do no damage.
The acid dragon is lightly wounded.
The acid dragon bites you but does no damage.
You block the acid dragon's attack.
You slash the acid dragon!
The acid dragon is heavily wounded.
You closely miss the acid dragon.
The acid dragon is heavily wounded.
The acid dragon spits acid at you. The splash of acid hits you!!
* * * LOW HITPOINT WARNING * * *
The acid corrodes you!
You hit the acid dragon.
The acid dragon is severely wounded.
The acid dragon spits acid at you. The splash of acid hits you!!!
You die...

#####.. #...# #...#
#...### #......
#...... #+# #
#...... ##+#..#...#
###'#### #..@D(.....
#....#.. #..####....
#....'..
#..#..#######....#..
#..#.)+(.#.......#..
#..##'#..#.......#..
#.....#..####....#..
#..#..'..........+..
#..#..#.>........#..
#..#..#..........###


You could see an acid dragon (catching breath).

Vanquished Creatures
  A fire dragon (Lair:5)
  Josephine (D:11)
  Harold (D:10)
  A boulder beetle (Lair:5)
  4 hydras (Lair:5)
  3 two-headed ogres
  A centaur warrior (D:10)
  Amaemon (Lair:1)
  A swamp dragon (Lair:5)
  A deep troll (Lair:4)
  2 wolf spiders (Lair:3)
  A necromancer (Lair:2)
  A manticore (D:12)
  17 elephants
  An orange demon (Lair:1)
  A torpor snail (Lair:5)
  2 black mambas (Lair:5)
  7 rime drakes
  5 cane toads
  9 komodo dragons
  2 polar bears
  4 trolls
  4 dream sheep (Lair:5)
  2 culicivoras (Lair:3)
  7 wraiths
  29 yaks
  3 basilisks
  3 steam dragons
  6 vampire mosquitoes
  2 redbacks (Lair:3)
  A harpy simulacrum (D:10)
  Menkaure (D:4)
  4 acid dragons
  10 water moccasins
  An ice beast (D:8)
  5 orc warriors
  A sky beast (D:7)
  2 black bears
  6 ogres
  3 centaurs
  A phantom (D:5)
  5 kobold brigands
  2 gnoll sergeants
  10 bullfrogs
  A necrophage (D:6)
  5 scorpions
  3 wights (D:8)
  6 howler monkeys
  An electric eel (Lair:5)
  10 hounds
  Crazy Yiuf (D:5)
  4 orc priests
  4 jellies
  A gnoll bouda (D:8)
  Jessica (D:3)
  6 iguanas
  Ijyb (D:5)
  6 orc wizards
  3 polar bear simulacra (Lair:2)
  4 yak simulacra (Lair:2)
  2 wolf simulacra (Lair:2)
  20 gnolls
  19 adders
  A white imp (D:6)
  An ufetubus (D:5)
  A dart slug (D:4)
  14 orcs
  10 ball pythons
  5 bats
  9 endoplasms
  8 goblins
  10 hobgoblins
  2 jackals (D:2)
  15 kobolds
  4 quokkas
  A frilled lizard (D:1)
  5 rats
  2 river rat simulacra (Lair:2)
361 creatures vanquished.

Vanquished Creatures (collateral kills)
  An orc wizard (D:5)
  An orc (D:3)
2 creatures vanquished.

Vanquished Creatures (others)
  An orc wizard (D:4)
  An adder (D:3)
  30 fungi
  67 plants
99 creatures vanquished.

Grand Total: 462 creatures vanquished

Notes
Turn   | Place    | Note
-------+----------+-------------------------------------------
     0 | D:1      | ragingrage the Gargoyle Artificer began the quest for the
                  | Orb.
     0 | D:1      | Reached XP level 1. HP: 12/12 MP: 1/1
   209 | D:1      | Reached XP level 2. HP: 17/17 MP: 2/2
   654 | D:1      | Reached XP level 3. HP: 23/23 MP: 3/3
  1563 | D:2      | Found Awomakhieng's Book Emporium.
  1748 | D:2      | Found a faded altar of an unknown god.
  2196 | D:3      | Noticed Jessica
  2216 | D:3      | Killed Jessica
  2217 | D:3      | Reached XP level 4. HP: 5/29 MP: 4/4
  2739 | D:3      | Identified the +1 long sword of the Past {freeze, Will+++
                  | Str-5 SInv}
  3046 | D:4      | Reached XP level 5. HP: 24/34 MP: 5/5
  3222 | D:4      | Noticed Menkaure
  3227 | D:4      | Killed Menkaure
  3228 | D:4      | Reached skill level 5 in Fighting
  3228 | D:4      | Reached XP level 6. HP: 40/40 MP: 6/6
  4649 | D:4      | Reached skill level 5 in Evocations
  4649 | D:4      | Reached XP level 7. HP: 46/46 MP: 7/7
  4701 | D:5      | Entered Level 5 of the Dungeon
  4758 | D:5      | Reached skill level 1 in Axes
  5086 | D:5      | Found a runed translucent door.
  5087 | D:5      | Noticed Crazy Yiuf
  5404 | D:5      | Reached skill level 2 in Axes
  6005 | D:5      | Noticed Edmund
  6027 | D:5      | Noticed Ijyb
  6050 | D:5      | Killed Ijyb
  6051 | D:5      | Reached skill level 3 in Axes
  6231 | D:5      | Reached XP level 8. HP: 38/53 MP: 8/8
  6435 | D:5      | Found a staircase to the Ecumenical Temple.
  6467 | Temple   | Entered the Ecumenical Temple
  6526 | Temple   | Became a worshipper of Warmaster Okawaru
  6822 | D:6      | Reached skill level 4 in Axes
  7151 | D:6      | Reached skill level 5 in Axes
  7723 | D:6      | Reached * piety under Okawaru
  7724 | D:6      | Reached skill level 6 in Axes
  8229 | D:6      | Reached skill level 7 in Axes
  8317 | D:5      | Reached XP level 9. HP: 52/57 MP: 9/9
  8425 | D:5      | Killed Crazy Yiuf
  9047 | D:6      | Reached skill level 8 in Axes
  9466 | D:7      | Reached ** piety under Okawaru
  9648 | D:7      | Reached skill level 9 in Axes
  9704 | D:7      | Found a large runed translucent door.
  9705 | D:7      | Found a large runed translucent door.
  9707 | D:7      | Noticed clackabat's ghost (novice MiMo)
 10027 | D:7      | Reached skill level 10 in Axes
 10475 | D:8      | Reached XP level 10. HP: 61/63 MP: 7/10
 10488 | D:8      | Reached *** piety under Okawaru
 10720 | D:8      | Noticed a two-headed ogre
 10740 | D:8      | Killed a two-headed ogre
 10741 | D:8      | Reached skill level 11 in Axes
 10973 | D:8      | Found a basalt altar of Yredelemnul.
 11725 | D:9      | Noticed a two-headed ogre
 11740 | D:9      | Killed a two-headed ogre
 11741 | D:9      | Reached skill level 12 in Axes
 11860 | D:9      | Found Cimp's Distillery.
 12025 | D:9      | Found an ancient bone altar of Kikubaaqudgha.
 12027 | D:9      | Found a burning altar of Makhleb.
 12027 | D:9      | Found a snail-covered altar of Cheibriados.
 12028 | D:9      | Found a glowing silver altar of Zin.
 12032 | D:9      | Found an ornate altar of the Wu Jian Council.
 12087 | D:9      | Found Romeagre's Magic Scroll Shop.
 12176 | D:9      | Found Anaczihi's General Store.
 12385 | D:9      | Reached **** piety under Okawaru
 12559 | D:9      | Found Affiq's General Store.
 12733 | D:10     | Entered Level 10 of the Dungeon
 12884 | D:10     | Reached skill level 13 in Axes
 12887 | D:10     | Reached XP level 11. HP: 40/67 MP: 8/11
 13357 | D:10     | Noticed a centaur warrior
 13532 | D:10     | Found a staircase to the Orcish Mines.
 13551 | D:10     | Reached ***** piety under Okawaru
 13797 | D:9      | Bought a potion of might for 56 gold pieces
 14003 | D:10     | Reached skill level 14 in Axes
 14310 | D:10     | Noticed Harold
 14337 | D:10     | Killed Harold
 14363 | D:10     | Killed a centaur warrior
 14363 | D:10     | Received a gift from Okawaru
 14694 | D:11     | Identified the +4 dagger "Zuargh" {vorpal, rN+}
 14775 | D:11     | Found a staircase to the Lair.
 14831 | D:11     | Noticed Josephine
 14895 | D:11     | Killed Josephine
 14921 | D:11     | Reached skill level 15 in Axes
 15453 | D:11     | Received a gift from Okawaru
 15714 | Lair:1   | Entered Level 1 of the Lair of Beasts
 15928 | Lair:1   | Noticed Amaemon
 15942 | Lair:1   | Killed Amaemon
 15943 | Lair:1   | Reached XP level 12. HP: 69/72 MP: 9/12
 16051 | Lair:1   | You fall into a shaft and drop 1 floor!
 16215 | Lair:2   | Reached skill level 16 in Axes
 16244 | Lair:2   | Reached skill level 1 in Dodging
 16253 | Lair:2   | Reached skill level 1 in Shields
 17193 | Lair:3   | Identified the +9 hand axe of Rutege {holy, *Slow rF+
                  | Str+10} (Okawaru gifted it to you on level 3 of the Lair of
                  | Beasts)
 17193 | Lair:3   | Received a gift from Okawaru
 17415 | Lair:3   | Found a hole to the Spider Nest.
 17436 | Lair:3   | Reached skill level 5 in Armour
 17608 | Lair:3   | Found a staircase to the Shoals.
 18049 | Lair:4   | Reached XP level 13. HP: 79/79 MP: 13/13
 18594 | Lair:5   | Entered Level 5 of the Lair of Beasts
 18643 | Lair:5   | Identified the +2 scale mail of Doshiava {Harm rC- rCorr
                  | Stlth+}
 18656 | Lair:5   | Reached skill level 5 in Shields
 18849 | Lair:5   | Reached ****** piety under Okawaru
 18849 | Lair:5   | Received a gift from Okawaru
 18990 | Lair:5   | Found a runed translucent door.
 19104 | Lair:5   | Reached skill level 10 in Fighting
 20315 | Lair:5   | Noticed a fire dragon
 20331 | Lair:5   | Killed a fire dragon
 20343 | Lair:5   | Received a gift from Okawaru
 20487 | Lair:5   | Found a staircase to the Slime Pits.
 20868 | Lair:1   | Gained mutation: Your large and strong wings let you fly.
                  | [Gargoyle growth]
 20868 | Lair:1   | Reached XP level 14. HP: 88/88 MP: 14/14
 21553 | D:12     | Killed from afar by an acid dragon

Illustrated notes

Levels and vault maps discovered:
D:1:      minmay_arrival_shattered_statue, layout_basic, serial_aquarium,
          aquarium_bridge_island_small [aquarium_subvault_small_water,
          aquarium_subvault_wall, aquarium_subvault_bridge,
          aquarium_subvault_window, aquarium_subvault_window],
          aquarium_window_1, aquarium_window_corner, aquarium_view_2d
D:2:      layout_basic, serial_shops, shop, dilly_ecumenical_altar_fadedgnrine
D:3:      layout_rooms, uniq_jessica
D:4:      layout_cave_pods, uniq_menkaure
D:5:      layout_basic, minmay_temple_entry_stoned_glass, minivault_5,
          uniq_ijyb, uniq_crazy_yiuf_cottage, uniq_edmund
D:6:      layout_layer_cave, grunt_decor_mini_mirrors,
          minmay_fractal_squares_gapless_5
D:7:      layout_loops_ring, ebering_ghost_disaster_area
D:8:      layout_layer_cave, yredelemnul_altar_generic
D:9:      layout_irregular_city, grunt_temple_overflow_open, serial_shops,
          nicolae_shop_window_shopping, nicolae_take_the_stairs,
          nicolae_inconvenience_store, shop
D:10:     layout_roguey, kennysheep_orc_monster_closet_entryway, uniq_harold
D:11:     layout_roguey, lair_entry_dummy, hex_medium, uniq_josephine
D:12:     layout_grid_maze, uniq_rupert
Temple:   nicolae_temple_elliptical
Lair:1:   layout_long_grid, uniq_amaemon
Lair:2:   layout_roguey, eino_house_with_fridge
Lair:3:   minmay_lair_venomous_thicket, layout_gridlike,
          elwin_shoals_entry_rocks, spider_nest_entry_funnel_web
Lair:4:   dreamdust_cave_troll, layout_gridlike
Lair:5:   wormcave, layout_regular_city, guppyfry_lair_end_dragon,
          slime_entry_2, lookout_lair_type, grunt_megastairs_2

Skill      XL: |  1  2  3  4  5  6  7  8  9 10 11 12 13 14 |
---------------+-------------------------------------------+-----
Fighting       | 2 3 4 5 6 7 8 10 | 10.0
Evocations     | 3 4 5 6 8 9 |  9.0
Axes           | 3 7 10 13 15 16 | 16.0
Dodging        | 3 |  3.1
Shields        | 4 5 |  5.0
Armour         | 5 8 9 |  9.1
Stealth        | |  1.1

Action                   |  1- 3 |  4- 6 |  7- 9 | 10-12 | 13-15 || total
-------------------------+-------+-------+-------+-------+-------++-------
Melee: Club              |    35 |       |       |       |       ||    35
       Dagger            |    90 |   110 |   254 |       |       ||   454
       Punch             |     2 |       |     5 |     4 |       ||    11
       War axe           |       |       |   111 |   648 |   332 ||  1091
       Hand axe          |       |       |       |    48 |       ||    48
       Spear             |       |       |       |       |    67 ||    67
Throw: Dart              |       |     9 |     4 |     5 |       ||    18
       Javelin           |       |       |     3 |       |     6 ||     9
Invok: Heroism           |       |       |     2 |     8 |     5 ||    15
Evoke: Wand              |     2 |    10 |     6 |     5 |     1 ||    24
       Lightning rod     |       |       |       |       |     5 ||     5
  Use: Potion            |       |     1 |       |       |       ||     1
       Scroll            |       |       |     7 |     9 |     2 ||    18
 Stab: Sleeping          |     1 |       |     1 |       |       ||     2
Armor: Leather armour    |    41 |    48 |   108 |       |       ||   197
       Plate armour      |       |       |    54 |   179 |       ||   233
       Chain mail        |       |       |       |   179 |   199 ||   378
Dodge: Dodged            |    61 |    58 |   213 |   373 |   183 ||   888
Block: Buckler           |       |       |       |    96 |   128 ||   224

Table legend: (Time is in decaauts)
 A = Elapsed time spent in this place.
 B = Non-inter-level travel time spent in this place.
 C = Inter-level travel time spent in this place.
 D = Time resting spent in this place.
 E = Time spent auto-exploring this place.
 F = Levels seen in this place.
 G = Mean time per level.
                   A        B        C        D        E       F      G
               +--------+--------+--------+--------+--------+-----+--------+
         Total |  21374 |  20126 |   1248 |   4513 |  12247 |  18 | 1187.4 |
       Dungeon |  16204 |  15243 |    961 |   3842 |   9123 |  12 | 1350.3 |
        Temple |     82 |     50 |     32 |      0 |     40 |   1 |   82.0 |
          Lair |   5086 |   4832 |    254 |    671 |   3084 |   5 | 1017.2 |
               +--------+--------+--------+--------+--------+-----+--------+

Top non-repeatable levels by time:
     D:5: 2797 daAuts
  Lair:5: 1935 daAuts
     D:6: 1661 daAuts
     D:9: 1602 daAuts
     D:4: 1503 daAuts
     D:8: 1384 daAuts
    D:10: 1372 daAuts
     D:3: 1234 daAuts
     D:2: 1185 daAuts
    D:11: 1070 daAuts
     D:1: 1000 daAuts
  Lair:3: 998 daAuts
     D:7: 840 daAuts
  Lair:2: 808 daAuts
  Lair:4: 712 daAuts
